 Dungeon Crawl Stone Soup version 0.24-a0-500-g46574c2197 (webtiles) character file.

Game seed: 8856322417834131751

7843 Knommid the Spear-Bearer (level 11, -3/90 HPs)
             Began as a Centaur Gladiator on July 15, 2019.
             Was a Believer of Ru.
             Slain by a seven-headed hydra (11 damage)
             ... on level 11 of the Dungeon.
             The game lasted 01:01:31 (13025 turns).

Knommid the Spear-Bearer (Centaur Gladiator)       Turns: 13025, Time: 01:01:31

Health: -3/90      AC: 11    Str: 18      XL:     11   Next: 2%
Magic:  12/12      EV: 12    Int:  7      God:    Ru [**....]
Gold:   586        SH:  0    Dex: 16 (18) Spells: 10/10 levels left

rFire    . . .     SeeInvis .   D - +3 halberd
rCold    + . .     Gourm    .   (shield currently unavailable)
rNeg     . . .     Faith    .   F - +2 leather armour {rPois}
rPois    +         Spirit   .   q - +2 helmet
rElec    .         Reflect  .   (no cloak)
rCorr    .         Harm     .   g - +0 pair of gloves
MR       .....                  (no barding)
Stlth    ++........             y - amulet of rage
HPRegen  0.25/turn              v - ring of protection from cold
MPRegen  0.13/turn              b - +5 ring of dexterity

@: no potions, very quick
A: large, hooves 3, deformed body, speed 2, tough skin 3, inability to drink
while threatened, hated by all
a: Sacrifice an Eye, Sacrifice Nimbleness, Sacrifice Arcana, Reject Sacrifices,
Renounce Religion, Evoke Berserk Rage


You were on level 11 of the Dungeon.
You worshipped Ru.
Ru was pleased with you.
You were not hungry.

You visited 1 branch of the dungeon, and saw 11 of its levels.

You collected 586 gold pieces.

Inventory:

Hand Weapons
 c - a +4 scimitar
 t - a +2 scythe of protection
 x - a +0 shortbow
 D - a +3 halberd (weapon)
 E - a +0 hunting sling
 L - a +2 trident of freezing
 N - a +1 dagger of holy wrath
Missiles
 d - 3 throwing nets
 k - 172 arrows
 p - 21 poisoned darts
 s - 120 sling bullets
 u - 8 boomerangs (quivered)
 C - 50 bolts
Armour
 g - a +0 pair of gloves (worn)
 q - a +2 helmet (worn)
 B - a +0 helmet
 F - a +2 leather armour of poison resistance (worn)
 H - +0 ice dragon scales
 J - a cursed +0 robe
Magical Staves
 K - an uncursed staff of earth
Jewellery
 b - a +5 ring of dexterity (right hand)
 m - an uncursed ring of flight
 v - a ring of protection from cold (left hand)
 y - an amulet of rage (around neck)
 G - an uncursed amulet of faith
Wands
 e - a wand of random effects (11)
 A - a wand of clouds (2)
 I - a wand of enslavement (8)
Scrolls
 i - 5 scrolls of remove curse
 l - 6 scrolls of teleportation
 n - 2 scrolls of amnesia
 o - a scroll of identify
 r - 2 scrolls of enchant armour
 z - a scroll of random uselessness
 M - a scroll of fear
Potions
 a - 2 potions of berserk rage
 h - a potion of invisibility
 j - 3 potions of curing
 w - 2 potions of cancellation
Comestibles
 f - 17 rations
 O - a chunk of flesh


   Skills:
 + Level 6.3 Fighting
 + Level 11.0 Polearms
 + Level 3.6(4.7) Slings
 + Level 4.6(5.2) Throwing
 + Level 4.7 Armour
 + Level 4.5 Dodging
 + Level 2.3 Stealth
 + Level 2.0 Evocations


You had 10 spell levels left.
You didn't know any spells.
Your spell library contained the following spells:

 Spells                   Type           Power        Failure   Level  Hunger
 Apportation              Tloc           #.....       50%         1    ##.....
 Confusing Touch          Hex            #.....       50%         1    ##.....
 Corona                   Hex            #......      50%         1    ##.....
 Pain                     Necr           #...         50%         1    ##.....
 Ensorcelled Hibernation  Hex/Ice        #.....       63%         2    ###....
 Confuse                  Hex            #.......     86%         3    ####...
 Dazzling Spray           Conj/Hex       #.....       86%         3    ####...
 Regeneration             Chrm/Necr      #.........   86%         3    ####...
 Tukima's Dance           Hex            #.......     86%         3    ####...
 Vampiric Draining        Necr           #.........   86%         3    ####...
 Animate Skeleton         Necr           Unusable     N/A         1    N/A
 Summon Small Mammal      Summ           Unusable     N/A         1    N/A
 Animate Dead             Necr           Unusable     N/A         4    N/A

Dungeon Overview and Level Annotations

Branches:
Dungeon (11/15)            Temple (0/1) D:5            Lair (0/6) D:9
    Orc: D:9-12

Altars:
Gozag
Ru

Shops:
D:4 *   D:8 %

Annotations:
D:5 1 runed translucent door, Crazy Yiuf


Innate Abilities, Weirdness & Mutations

You have hooves in place of feet.
Armour fits poorly on your strangely shaped body.
You cover ground very quickly.
You have extremely tough skin. (AC +3)
You cannot drink potions while threatened.
You are hated by all.


Message History

Where to? (Enter - D:10, ? - help)
There is a stone staircase leading down here.
You climb downwards.
The seven-headed hydra bites you!
The seven-headed hydra barely misses you.
The seven-headed hydra closely misses you.
The seven-headed hydra bites you!
You feel threatened and lose the ability to drink potions!
The seven-headed hydra bites you but does no damage. x2
The seven-headed hydra bites you! The seven-headed hydra bites you.
The seven-headed hydra bites you but does no damage.
The seven-headed hydra bites you! The seven-headed hydra bites you.
The seven-headed hydra bites you but does no damage.
The seven-headed hydra bites you! x2
* * * LOW HITPOINT WARNING * * *
There is a stone staircase leading up, spattered with blood here.
The seven-headed hydra bites you!
* * * LOW HITPOINT WARNING * * *
The seven-headed hydra bites you but does no damage.
The seven-headed hydra bites you!
You die...

##.......##
#.......
#........(#
##......
#.........##
#......
##..........#
##.....
##...........##
##....
##.............#
#....
#..............#
##...
#..##.D..........#
##.# #
##.@.......### ###
###..###### ####


You could see a seven-headed hydra.

Vanquished Creatures
  3 two-headed ogres
  Joseph (D:8)
  A gargoyle (D:10)
  Sigmund (D:5)
  8 yaks
  A spriggan (D:7)
  Eustachio (D:4)
  Edmund (D:5)
  An orc warrior (D:10)
  A sky beast (D:7)
  An ice beast (D:6)
  5 ogres
  A phantom (D:6)
  2 centaurs
  2 bullfrogs
  Blork the orc (D:5)
  2 scorpions
  12 wights
  5 killer bees
  2 electric eels (D:10)
  5 howler monkeys
  5 crimson imps
  A quasit (D:8)
  4 orc priests
  2 centaur skeletons
  7 hounds
  A jelly (D:10)
  8 orc wizards
  Terence (D:3)
  4 iguanas
  2 worker ants
  A hound zombie (D:6)
  A hound skeleton (D:6)
  A howler monkey skeleton (D:5)
  3 gnolls (D:3)
  7 adders
  2 shadow imps
  An ooze (D:1)
  An adder skeleton (D:4)
  An adder zombie (D:5)
  2 worms
  3 leopard geckos
  26 orcs
  6 giant cockroaches
  6 hobgoblins
  15 jackals
  11 kobolds
  5 quokkas
  A ball python (D:5)
  5 bats
  2 frilled lizards
  7 goblins
  2 jackal skeletons (D:6)
  2 leopard gecko skeletons
  4 rats
207 creatures vanquished.

Vanquished Creatures (others)
  A plant (D:10)
1 creature vanquished.

Grand Total: 208 creatures vanquished

Notes
Turn   | Place    | Note
-------+----------+-------------------------------------------
     0 | D:1      | Knommid the Centaur Gladiator began the quest for the Orb.
     0 | D:1      | Reached XP level 1. HP: 17/17 MP: 1/1
   111 | D:1      | Reached XP level 2. HP: 21/24 MP: 2/2
   112 | D:1      | Reached skill level 3 in Polearms
   788 | D:2      | Reached XP level 3. HP: 24/29 MP: 3/3
   987 | D:2      | You fall into a shaft and drop 2 floors!
   999 | D:4      | Found Gozag's Platinum Reserve.
   999 | D:4      | Found an opulent altar of Gozag.
  1090 | D:4      | Noticed Eustachio
  1139 | D:4      | Killed Eustachio
  1139 | D:4      | Reached skill level 4 in Polearms
  1139 | D:4      | Reached XP level 4. HP: 27/37 MP: 4/4
  1139 | D:4      | Reached XP level 5. HP: 31/42 MP: 5/5
  1301 | D:4      | Reached skill level 1 in Armour
  1716 | D:4      | Reached XP level 6. HP: 50/50 MP: 6/6
  1956 | D:4      | Reached skill level 5 in Polearms
  2114 | D:3      | Noticed Terence
  2124 | D:3      | Killed Terence
  3499 | D:2      | Found a faded altar of an unknown god.
  3504 | D:2      | Became a worshipper of Ru the Awakened
  3637 | D:5      | Entered Level 5 of the Dungeon
  3638 | D:5      | Noticed Sigmund
  3644 | D:4      | Reached XP level 7. HP: 13/56 MP: 7/7
  4284 | D:5      | Killed Sigmund
  4284 | D:5      | Reached skill level 6 in Polearms
  4464 | D:5      | Noticed Edmund
  4483 | D:5      | Killed Edmund
  4586 | D:5      | Noticed Blork the orc
  4592 | D:5      | Killed Blork the orc
  4755 | D:5      | Found a staircase to the Ecumenical Temple.
  4830 | D:5      | Reached XP level 8. HP: 43/63 MP: 8/8
  5160 | D:5      | Found a runed translucent door.
  5161 | D:5      | Noticed Crazy Yiuf
  5718 | D:5      | Reached skill level 7 in Polearms
  5790 | D:6      | Reached skill level 1 in Stealth
  6671 | D:6      | Gained mutation: You are hated by all. [Ru sacrifice]
  6671 | D:6      | Reached * piety under Ru
  6766 | D:6      | Reached skill level 8 in Polearms
  7175 | D:6      | Reached XP level 9. HP: 72/72 MP: 9/9
  7642 | D:7      | Found a sand-covered staircase.
  8350 | D:8      | Found Jomn's Food Boutique.
  8548 | D:8      | Gained mutation: You cannot drink potions while threatened.
                  | [Ru sacrifice]
  8548 | D:8      | Reached ** piety under Ru
  8746 | D:8      | Noticed Joseph
  9006 | D:8      | Killed Joseph
  9006 | D:8      | Reached skill level 9 in Polearms
  9006 | D:8      | Reached skill level 1 in Evocations
  9193 | D:8      | Reached skill level 5 in Fighting
  9573 | D:9      | Noticed a two-headed ogre
  9582 | D:9      | Killed a two-headed ogre
  9942 | D:9      | Found a staircase to the Lair.
  9946 | D:9      | Reached XP level 10. HP: 81/81 MP: 11/11
 10025 | D:10     | Entered Level 10 of the Dungeon
 10346 | D:10     | Noticed a two-headed ogre
 10354 | D:10     | Killed a two-headed ogre
 10354 | D:10     | Reached skill level 10 in Polearms
 11055 | D:10     | Noticed a two-headed ogre
 11276 | D:9      | Killed a two-headed ogre
 11502 | D:10     | Got a bloodstained dagger
 11628 | D:10     | Identified the cursed +2 dagger "Spiderbane" {antimagic,
                  | MR+ Dex+6} (You found it on level 10 of the Dungeon)
 11823 | D:10     | Noticed a gargoyle
 11833 | D:10     | Killed a gargoyle
 12744 | D:11     | Reached skill level 11 in Polearms
 12744 | D:11     | Reached XP level 11. HP: 72/90 MP: 12/12
 12877 | D:11     | Noticed a seven-headed hydra
 13025 | D:11     | Slain by a seven-headed hydra

Levels and vault maps discovered:
D:1:      minmay_arrival_four_houses, layout_rooms
D:2:      layout_rooms, first_ration, chequers_ecumenical_altar_grove
D:3:      layout_loops_ring, uniq_terence
D:4:      layout_basic, nicolae_gozag_zags_fifth_avenue, uniq_eustachio
D:5:      layout_basic, minmay_temple_entry_poolview, hex_large, uniq_sigmund,
          uniq_blork_the_orc, uniq_edmund, uniq_crazy_yiuf_cottage
D:6:      layout_layer_cave
D:7:      layout_loops_ring, enter_ossuary_3, the_bakery,
          chequers_serial_rivers_room_a, minmay_misc_feat_x
D:8:      layout_basic, serial_shops, nicolae_shop_trees, uniq_joseph
D:9:      layout_rooms, lair_entry_dummy
D:10:     layout_basic, minivault_19, serial_bayou_lagoon_b
D:11:     layout_cave_pods, uniq_maurice

Skill      XL: |  1  2  3  4  5  6  7  8  9 10 |
---------------+-------------------------------+-----
Polearms       | 3 4 5 6 8 9 11 | 11.0
Armour         | 1 2 3 4 |  4.7
Dodging        | 3 4 |  4.5
Fighting       | 3 4 5 6 |  6.3
Stealth        | 1 2 |  2.3
Throwing       | 3 4 |  4.6
Evocations     | 1 2 |  2.0
Slings         | 3 |  3.6

Action                   |  1- 3 |  4- 6 |  7- 9 | 10-12 || total
-------------------------+-------+-------+-------+-------++-------
Melee: Trident           |   105 |   161 |    49 |     4 ||   319
       Kick              |    13 |    23 |    60 |    47 ||   143
       Scythe            |       |       |    90 |       ||    90
       Halberd           |       |       |   177 |   161 ||   338
 Fire: Hunting sling     |       |       |       |    28 ||    28
Throw: Boomerang         |       |     2 |     9 |     4 ||    15
       Throwing net      |       |       |     2 |       ||     2
       Dart              |       |       |     5 |    10 ||    15
Invok: Sacrifice Love    |       |       |     1 |       ||     1
       Sacrifice Drink   |       |       |     1 |       ||     1
 Abil: Evoke Flight      |       |       |     1 |       ||     1
Evoke: Wand              |       |       |     9 |       ||     9
  Use: Potion            |     3 |     4 |     9 |     1 ||    17
       Scroll            |     5 |     4 |     5 |     3 ||    17
 Stab: Distracted        |     1 |       |       |     2 ||     3
       Held in net/web   |       |       |     2 |       ||     2
       Sleeping          |       |       |     1 |     1 ||     2
       Invisible         |       |       |       |     1 ||     1
  Eat: Chunk             |       |     7 |     5 |     4 ||    16
       Ration            |       |       |     4 |     1 ||     5
Armor: Leather armour    |    47 |    57 |    92 |    33 ||   229
Dodge: Dodged            |    49 |    81 |   131 |    75 ||   336

Table legend:
 A = Non-vault XP
 B = Vault XP
 C = Vault XP percentage of total XP
 D = Non-vault monster count
 E = Vault monster count
 F = Vault count percentage of total count
                 A         B        C        D         E       F
            +---------+---------+-------+---------+---------+-------
      Total |    9852 |    1353 |  12.1 |     200 |       7 |   3.4
            +---------+---------+-------+---------+---------+-------
        D:1 |      38 |       0 |   0.0 |      21 |       0 |   0.0
        D:2 |      46 |       0 |   0.0 |      17 |       0 |   0.0
        D:3 |     104 |      36 |  25.7 |      24 |       1 |   4.0
        D:4 |     380 |     181 |  32.3 |      18 |       1 |   5.3
        D:5 |     624 |     480 |  43.5 |      22 |       3 |  12.0
        D:6 |     992 |       0 |   0.0 |      19 |       0 |   0.0
        D:7 |     401 |     211 |  34.5 |      12 |       1 |   7.7
        D:8 |     393 |     445 |  53.1 |       9 |       1 |  10.0
        D:9 |    2231 |       0 |   0.0 |      13 |       0 |   0.0
       D:10 |    3933 |       0 |   0.0 |      40 |       0 |   0.0
       D:11 |     710 |       0 |   0.0 |       5 |       0 |   0.0
            +---------+---------+-------+---------+---------+-------
